 Dungeon Crawl Stone Soup version 0.21.1-1-g345015f (webtiles) character file.

81 Fortress the Chiller (level 4, -10/30 HPs)
             Began as a Vampire Ice Elementalist on June 12, 2018.
             Mangled by a gnoll
             ... wielding a +0 flail
              (12 damage)
             ... on level 3 of the Dungeon.
             The game lasted 00:17:52 (2607 turns).

Fortress the Chiller (Vampire Ice Elementalist)     Turns: 2607, Time: 00:17:52

Health: -10/30     AC:  4    Str:  8    XL:     4   Next: 19%
Magic:  1/8        EV: 12    Int: 17    God:
Gold:   57         SH:  0    Dex: 14    Spells: 5/8 levels left

rFire    . . .     SeeInvis +   k - +0 dagger
rCold    + . .     Gourm    .   (no shield)
rNeg     + + .     Faith    .   s - +0 leather armour
rPois    +         Spirit   .   h - +1 hat
rElec    .         Reflect  .   (no cloak)
rCorr    .         Harm     .   (no gloves)
MR       .....                  (no boots)
Stlth    +++.......             (no amulet)
HPRegen  0.05/turn              (no ring)
MPRegen  0.11/turn              (no ring)

@: regenerating slowly
A: fangs 3, see invisible, unbreathing
a: Bat Form


You were on level 3 of the Dungeon.
You were thirsty.

You visited 1 branch of the dungeon, and saw 4 of its levels.

You collected 57 gold pieces.

Inventory:

Hand Weapons
 k - a +0 dagger (weapon)
 n - a +0 hunting sling
Missiles
 d - 30 arrows
 i - 15 stones (quivered)
Armour
 h - a +1 hat (worn)
 s - a +0 leather armour (worn)
Scrolls
 e - a scroll of remove curse
 l - a scroll of identify
 m - a scroll of blinking {unknown}
 p - a scroll of amnesia {unknown}
Potions
 c - 6 potions of blood
 g - a potion of curing
 j - a potion of mutation {unknown}
 q - a potion of haste {unknown}
 r - a potion of might {unknown}
Books
 b - a book of Frost

   Spells                             Type                      Level
   a - Freeze                         Ice                          1
   b - Throw Frost                    Conjuration/Ice              2
   c - Ozocubu's Armour               Charms/Ice                   3
   d - Throw Icicle                   Conjuration/Ice              4
   e - Summon Ice Beast               Ice/Summoning                4
 o - a book of Maledictions

   Spells                             Type                      Level
   a - Corona                         Hexes                        1
   b - Ensorcelled Hibernation        Hexes/Ice                    2
   c - Confuse                        Hexes                        3
   d - Tukima's Dance                 Hexes                        3
   e - Dazzling Spray                 Conjuration/Hexes            3


   Skills:
 * Level 0.3 Short Blades
 - Level 2.2 Dodging
 + Level 3.7 Stealth
 + Level 2.8 Spellcasting
 + Level 0.6 Conjurations
 + Level 4.2 Ice Magic


You had 5 spell levels left.
You knew the following spells:

 Your Spells              Type           Power        Failure   Level  Hunger
a - Freeze                Ice            ###.         4%          1    #......
b - Throw Frost           Conj/Ice       ##....       14%         2    ##.....


Dungeon Overview and Level Annotations

Branches:
Dungeon (4/15)
 Temple: D:4-7

Altars:


Innate Abilities, Weirdness & Mutations

You heal slowly.
You have razor-sharp teeth.
You have supernaturally acute eyesight. (SInv)
You can survive without breathing.


Message History

The jackal is moderately wounded.
The jackal bites you. The gnoll closely misses you.
You hit the jackal.
The jackal is heavily wounded.
The jackal barely misses you. The gnoll misses you.
You hit the jackal.
The jackal is severely wounded.
The jackal misses you. The jackal barely misses you.
The gnoll closely misses you.
You hit the jackal.
You kill the jackal!
You hit the gnoll but do no damage.
The gnoll is heavily wounded.
The gnoll misses you. The gnoll hits you with a flail!
You barely miss the gnoll.
The gnoll is heavily wounded.
The gnoll hits you from afar with a halberd!
* * * LOW HITPOINT WARNING * * *
The gnoll hits you with a flail!
You die...

(.#..#
#####.#..#
#<..#.#..#
#.###.#..# #%#
#.#..#
#.###.#..#
#.....#..#
#######..#######
........@.......
########g#######
h.h...g.....gh.
≈≈g≈≈....≈≈≈≈≈≈
≈≈≈≈≈....≈≈≈≈≈≈
≈≈≈≈≈....≈≈≈≈≈≈
..........)....
#####++++######


You could see 2 gnolls.

Vanquished Creatures
  3 adders
  An ooze (D:1)
  A worm (D:3)
  A dart slug (D:2)
  A leopard gecko (D:1)
  2 ball pythons
  2 bats (D:1)
  4 giant cockroaches
  3 goblins
  6 hobgoblins
  4 jackals (D:3)
  3 kobolds
  3 frilled lizards
  7 rats
41 creatures vanquished.

Notes
Turn   | Place    | Note
-------+----------+-------------------------------------------
     0 | D:1      | Fortress the Vampire Ice Elementalist began the quest for the Orb.
     0 | D:1      | Reached XP level 1. HP: 13/13 MP: 3/3
   208 | D:1      | Reached XP level 2. HP: 19/19 MP: 1/5
   720 | D:1      | Reached XP level 3. HP: 24/24 MP: 3/6
  1612 | D:2      | Reached skill level 4 in Ice Magic
  1892 | D:2      | Reached XP level 4. HP: 16/30 MP: 6/8
  2139 | D:2      | Learned a level 2 spell: Throw Frost
  2607 | D:3      | Mangled by a gnoll

Skill      XL: |  1  2  3 |
---------------+----------+-----
Ice Magic      | 4 |  4.2
Short Blades   | |  0.3
Dodging        | |  2.2
Stealth        | |  3.7
Spellcasting   | |  2.8
Conjurations   | |  0.6

Action                   |  1- 3 |  4- 6 || total
-------------------------+-------+-------++-------
Melee: Unarmed           |    13 |       ||    13
       Club              |     6 |       ||     6
       Bite              |     5 |       ||     5
       Dagger            |    31 |    11 ||    42
 Cast: Freeze            |    39 |     9 ||    48
       Throw Frost       |       |     3 ||     3
  Use: Scroll            |     1 |     1 ||     2
       Potion            |     1 |     1 ||     2
 Stab: Sleeping          |     7 |     3 ||    10
  Eat: Corpse            |     2 |     1 ||     3
Armor: Leather armour    |    16 |     3 ||    19
Dodge: Dodged            |    55 |    18 ||    73
